 Dungeon Crawl Stone Soup version 0.24-a0-458-gfcb5e6da0e (webtiles) character file.

Game seed: 5711293394789103959

24 KristoblXynda the Sneak (level 2, 15/15 HPs)
             Began as a Spriggan Assassin on June 26, 2019.
             Got out of the dungeon alive.
             The game lasted 00:01:01 (731 turns).

KristoblXynda the Sneak (Spriggan Assassin)          Turns: 731, Time: 00:01:02

Health: 15/15      AC:  3    Str:  7    XL:     2   Next: 79%
Magic:  3/3        EV: 17    Int: 12    God:
Gold:   55         SH:  0    Dex: 17    Spells: 1/1 levels left

rFire    . . .     SeeInvis +   a - +2 dagger
rCold    + . .     Gourm    .   (shield restricted)
rNeg     . . .     Faith    .   b - +0 robe
rPois    .         Spirit   .   (helmet restricted)
rElec    .         Reflect  .   c - +0 cloak
rCorr    .         Harm     .   (gloves unavailable)
MR       .....                  (boots unavailable)
Stlth    +++.......             (no amulet)
HPRegen  0.05/turn              i - ring of protection from cold
MPRegen  0.08/turn              (no ring)

@: very quick
A: very small, unfitting armour, see invisible, herbivore, speed 3, slow
metabolism 2
a: no special abilities


You escaped.
You were not hungry.

You visited 1 branch of the dungeon, and saw 1 of its levels.

You collected 55 gold pieces.

Inventory:

Hand Weapons
 a - a +2 dagger (weapon)
Missiles
 d - 8 poisoned darts (quivered)
 e - 2 curare-tipped darts
Armour
 b - a +0 robe (worn)
 c - a +0 cloak (worn)
Jewellery
 i - a ring of protection from cold (left hand)
Scrolls
 h - a scroll of identify {unknown}
Potions
 g - a potion of magic {unknown}
Comestibles
 f - 2 rations


   Skills:
 + Level 1.9 Fighting
 + Level 2.6 Short Blades
 - Level 2.0 Throwing
 + Level 2.4 Dodging
 + Level 6.2 Stealth


You had one spell level left.
You didn't know any spells.
Your spell library was empty.

Dungeon Overview and Level Annotations

Branches:
Dungeon (1/15)

Altars:


Innate Abilities, Weirdness & Mutations

You are very small and have problems with some larger weapons.
You are too small for most types of armour.
You have supernaturally acute eyesight. (SInv)
You are a herbivore.
You cover ground extremely quickly.
You need to consume almost no food.


Message History

There is an open door here.
Put on which piece of jewellery? (? for menu, Esc to quit)
i - a ring of protection from cold (left hand)
A bat is nearby!
A bat is nearby!
A bat is nearby!
You hit the bat.
You kill the bat!
No target in view!
No target in view!
Things that are here:
a jackal corpse x3
You open the door.
There is an open door here.
There is a staircase leading out of the dungeon here.
Key pressed, stopping travel.
Are you sure you want to leave the Dungeon?
This will make you lose the game! [Y]es or [N]o only, please.
Are you sure you want to leave the Dungeon?
This will make you lose the game!
You have escaped!

#.......##..........##.#
####.###...####+######.##.#
#........###PP#.#PP###.#..#
#.###....##P..#.#≈≈P####.#####
#.#####.##PP..#.#≈≈≈P###.....#
#.......#PPP..#.#≈≈≈≈P#...##.#
##.#######P....#.#≈≈≈≈P#.#.#..#
........(#######.#######...#..#
.#.#####.'......@......+.###.##
...#...#.#######.########....#
.......#.#P≈≈≈≈#.#....P##.####
...#..##.#P≈≈≈≈#.#..P.P##.###
.........##P≈≈≈#.#...P###...#
.........###P≈≈#.#P.P##...#.#
.#...###.# ##PP#.#PP###.#.#.#
.....###.#######'####...#...#
...#..........##.####.#######


There were no monsters in sight!

Vanquished Creatures
  An ooze (D:1)
  2 bats (D:1)
  2 giant cockroaches (D:1)
  3 hobgoblins (D:1)
  4 jackals (D:1)
  A ball python (D:1)
  2 goblins (D:1)
  2 rats (D:1)
17 creatures vanquished.

Notes
Turn   | Place    | Note
-------+----------+-------------------------------------------
     0 | D:1      | KristoblXynda the Spriggan Assassin began the quest for the
                  | Orb.
     0 | D:1      | Reached XP level 1. HP: 10/10 MP: 2/2
   268 | D:1      | Reached skill level 6 in Stealth
   538 | D:1      | Reached XP level 2. HP: 15/15 MP: 3/3
   731 | D:$      | Got out of the dungeon alive.

Levels and vault maps discovered:
D:1:      psy_arrival_terrarium, layout_basic

Skill      XL: |  1 |
---------------+----+-----
Stealth        | 6 |  6.2
Dodging        | 2 |  2.4
Fighting       | |  1.9
Short Blades   | |  2.6
Throwing       | |  2.0

Action                   || total
-------------------------++-------
Melee: Dagger            ||    63
Throw: Dart              ||     1
 Stab: Sleeping          ||     6
Armor: Robe              ||     5
Dodge: Dodged            ||    42

Table legend:
 A = Non-vault XP
 B = Vault XP
 C = Vault XP percentage of total XP
 D = Non-vault monster count
 E = Vault monster count
 F = Vault count percentage of total count
                 A         B        C        D         E       F
            +---------+---------+-------+---------+---------+-------
      Total |      35 |       0 |   0.0 |      17 |       0 |   0.0
            +---------+---------+-------+---------+---------+-------
        D:1 |      35 |       0 |   0.0 |      17 |       0 |   0.0
            +---------+---------+-------+---------+---------+-------
